| TOP OF THE 1ST |
|
Appleton Foxes batting - Pitching for Wausau Timbers : LHP Karl Steffen
|
|
Pitching: LHP Karl Steffen
|
|
|
Batting: LHB Mike Woodard
|
0-0: Fly out, F7 (Flyball, 7, EV 91.9 MPH)
|
|
Batting: RHB George Hinshaw
|
0-0: Called Strike 0-1: Foul Ball, location: 2F 0-2: Ball 1-2: SINGLE (Line Drive, 8RS, EV 88.8 MPH)
|
|
Batting: RHB Chris Brown
|
0-0: Ball 1-0: Ball 2-0: Ball 3-0: Base on Balls George Hinshaw to second
|
|
Batting: RHB Robert Gilles
|
0-0: Hit by Pitch George Hinshaw to third Chris Brown to second
|
|
Batting: RHB Douglas Lulay
|
0-0: Called Strike 0-1: Ball 1-1: Ball 2-1: SINGLE (Groundball, 6MD, EV 108.1 MPH) George Hinshaw scores Chris Brown to third Robert Gilles to second Runner from 3rd tries for Home, SAFE, throw by CF to home Robert Gilles to third Douglas Lulay to second
|
|
Batting: SHB Matt Gallegos
|
0-0: Ball 1-0: Called Strike 1-1: Ground out 1-3 (Groundball, 15S, EV 67.5 MPH)
|
|
Batting: LHB Juan Bustabad
|
0-0: Ball 1-0: Ball 2-0: Ball Wild Pitch! Robert Gilles scores Douglas Lulay to third 3-0: Base on Balls
|
|
Batting: LHB John Csefalvay
|
0-0: Ball Juan Bustabad is caught stealing 2nd base 2-6
|
| Top of the 1st over - 3 runs, 2 hits, 0 errors, 1 left on base; Appleton 3 - Wausau 0 |
| BOTTOM OF THE 1ST |
|
Wausau Timbers batting - Pitching for Appleton Foxes : RHP Mike Trujillo
|
|
Pitching: RHP Mike Trujillo
|
|
|
Batting: RHB John Nicolo
|
0-0: Ground out 4-3 (Groundball, 4MD, EV 104.4 MPH)
|
|
Batting: LHB Rodney Nealeigh
|
0-0: Swinging Strike 0-1: Fly out, F9 (Flyball, 9LM, EV 91.3 MPH)
|
|
Batting: RHB Alan Griffin
|
0-0: Fly out, F7 (Flyball, 7D, EV 85.6 MPH)
|
| Bottom of the 1st over - 0 runs, 0 hits, 0 errors, 0 left on base; Appleton 3 - Wausau 0 |
| TOP OF THE 2ND |
|
Appleton Foxes batting - Pitching for Wausau Timbers : LHP Karl Steffen
|
|
Batting: LHB John Csefalvay
|
0-0: Fly out, F8 (Flyball, 89D, EV 86.3 MPH)
|
|
Batting: RHB Philip Sutton
|
0-0: Ball 1-0: Called Strike 1-1: Ball 2-1: Ball 3-1: Base on Balls
|
|
Batting: LHB Mike Woodard
|
0-0: Called Strike 0-1: Ball 1-1: Ball 2-1: Ball 3-1: Foul Ball, location: 2F 3-2: Fly out, F3 (Popup, 34, EV 68.1 MPH)
|
|
Batting: RHB George Hinshaw
|
0-0: Called Strike 0-1: SINGLE (Groundball, 6MD, EV 104.4 MPH) Philip Sutton to second Runner from 2nd tries for 3rd, OUT! 8-5
|
| Top of the 2nd over - 0 runs, 1 hit, 0 errors, 1 left on base; Appleton 3 - Wausau 0 |
| BOTTOM OF THE 2ND |
|
Wausau Timbers batting - Pitching for Appleton Foxes : RHP Mike Trujillo
|
|
Batting: RHB Rich Renteria
|
0-0: Ground out 6-3 (Groundball, 6, EV 83.1 MPH)
|
|
Batting: RHB Douglas Davis
|
0-0: Ball 1-0: Ball 2-0: Foul Ball, location: 2F 2-1: Foul Ball, location: 2F 2-2: Strikes out looking
|
|
Batting: SHB Herman Lewis
|
0-0: Ball 1-0: Ball 2-0: Swinging Strike 2-1: Ball 3-1: Called Strike 3-2: Strikes out swinging
|
| Bottom of the 2nd over - 0 runs, 0 hits, 0 errors, 0 left on base; Appleton 3 - Wausau 0 |
| TOP OF THE 3RD |
|
Appleton Foxes batting - Pitching for Wausau Timbers : LHP Karl Steffen
|
|
Batting: RHB Chris Brown
|
0-0: Ball 1-0: Ball 2-0: Swinging Strike 2-1: Ball 3-1: Base on Balls
|
|
Batting: RHB Robert Gilles
|
0-0: Ball Chris Brown steals 2nd base (no throw) 1-0: SINGLE (Line Drive, 9LS, EV 108.8 MPH) Chris Brown to third
|
|
Batting: RHB Douglas Lulay
|
0-0: Called Strike 0-1: Ball 1-1: Foul Ball, location: 2F 1-2: Strikes out swinging
|
|
Batting: SHB Matt Gallegos
|
0-0: Ball 1-0: Called Strike Robert Gilles steals 2nd base 1-1: Foul Ball, location: 2F 1-2: Fly out, F9 (Flyball, 9LM, EV 88.1 MPH) Runner from 3rd tags up, SCORES, throw by RF Robert Gilles to third
|
|
Batting: LHB Juan Bustabad
|
0-0: Called Strike 0-1: Foul Ball, location: 2F 0-2: Ball 1-2: Ball 2-2: Ball Wild Pitch! Robert Gilles scores 3-2: SINGLE (Groundball, 34S, EV 75.0 MPH) (infield hit)
|
|
Batting: LHB John Csefalvay
|
0-0: Swinging Strike 0-1: Swinging Strike 0-2: Foul Ball, location: 2F 0-2: Foul Ball, location: 2F 0-2: Ball Juan Bustabad steals 2nd base 1-2: Fly out, F7 (Flyball, 78S, EV 91.9 MPH)
|
| Top of the 3rd over - 2 runs, 2 hits, 0 errors, 1 left on base; Appleton 5 - Wausau 0 |
| BOTTOM OF THE 3RD |
|
Wausau Timbers batting - Pitching for Appleton Foxes : RHP Mike Trujillo
|
|
Batting: LHB Ricky Seilheimer
|
0-0: Ball 1-0: Reached on error, E2 (Groundball, 15S, EV 68.1 MPH)
|
|
Batting: RHB Jeffrey Young
|
0-0: SINGLE (Flyball, 78S, EV 92.5 MPH) Ricky Seilheimer to third Runner from 3rd tries for Home, SAFE, throw by LF to home
|
|
Batting: RHB John Pignotti
|
0-0: SINGLE (Line Drive, 56D, EV 97.5 MPH) Jeffrey Young to second
|
|
Batting: RHB John Nicolo
|
0-0: Ball 1-0: Called Strike 1-1: Swinging Strike 1-2: Ball 2-2: Foul Ball, location: 2F 2-2: Fielders Choice at 2nd, 3-6 (Groundball, 34, EV 102.5 MPH) Jeffrey Young to third
|
|
Batting: LHB Rodney Nealeigh
|
0-0: Ball 1-0: Called Strike 1-1: Ball 2-1: Foul Ball, location: 2F 2-2: Reached via error on a dropped throw from 3B, E4 (Groundball, 56, EV 98.8 MPH) Jeffrey Young scores John Nicolo to second
|
|
Batting: RHB Alan Griffin
|
0-0: Ball 1-0: Ball John Nicolo steals 3rd base 2-0: Ball 3-0: Base on Balls Rodney Nealeigh to second
|
|
Batting: RHB Rich Renteria
|
0-0: Called Strike 0-1: Grounds into fielders choice 1-2 (Groundball, P, EV 63.8 MPH) Rodney Nealeigh to third Alan Griffin to second
|
|
Batting: RHB Douglas Davis
|
0-0: Swinging Strike 0-1: Swinging Strike 0-2: Ball 1-2: Strikes out swinging
|
| Bottom of the 3rd over - 2 runs, 2 hits, 2 errors, 3 left on base; Appleton 5 - Wausau 2 |
| TOP OF THE 4TH |
|
Appleton Foxes batting - Pitching for Wausau Timbers : LHP Karl Steffen
|
|
Batting: RHB Philip Sutton
|
0-0: Ball 1-0: Foul Ball, location: 2F 1-1: Ball 2-1: Ball 3-1: Swinging Strike 3-2: Foul Ball, location: 2F 3-2: Base on Balls
|
|
Batting: LHB Mike Woodard
|
0-0: Ball 1-0: Ball 2-0: Called Strike 2-1: Foul Ball, location: 2F 2-2: Ball 3-2: Foul Ball, location: 2F 3-2: Foul Ball, location: 2F 3-2: Foul Ball, location: 2F 3-2: Foul Ball, location: 2F 3-2: SINGLE (Line Drive, 6MD, EV 106.9 MPH) Philip Sutton to second
|
|
Batting: RHB George Hinshaw
|
0-0: Ball 1-0: Called Strike 1-1: Ball 2-1: Grounds into double play, 4-6-3 (Groundball, 4S, EV 80.6 MPH) Philip Sutton to third
|
|
Batting: RHB Chris Brown
|
0-0: Ball Wild Pitch! Philip Sutton scores 1-0: Ground out 5-3 (Groundball, 56, EV 85.0 MPH)
|
| Top of the 4th over - 1 run, 1 hit, 0 errors, 0 left on base; Appleton 6 - Wausau 2 |
| BOTTOM OF THE 4TH |
|
Wausau Timbers batting - Pitching for Appleton Foxes : RHP Mike Trujillo
|
|
Batting: SHB Herman Lewis
|
0-0: SINGLE (Groundball, 25, EV 63.8 MPH) (infield hit)
|
|
Batting: LHB Ricky Seilheimer
|
0-0: Ball 1-0: Ball 2-0: Foul Ball, location: 2F 2-1: Called Strike 2-2: Fly out, F6 (Popup, 6, EV 61.9 MPH)
|
|
Batting: RHB Jeffrey Young
|
0-0: Called Strike 0-1: Swinging Strike 0-2: Ball 1-2: Ball 2-2: Fielders Choice at 2nd, 3-6 (Groundball, 3, EV 92.5 MPH)
|
|
Batting: RHB John Pignotti
|
0-0: Called Strike Jeffrey Young is caught stealing 2nd base 2-4
|
| Bottom of the 4th over - 0 runs, 1 hit, 0 errors, 0 left on base; Appleton 6 - Wausau 2 |
| TOP OF THE 5TH |
|
Appleton Foxes batting - Pitching for Wausau Timbers : LHP Karl Steffen
|
|
Batting: RHB Robert Gilles
|
0-0: Ball 1-0: Ball 2-0: Foul Ball, location: 2F 2-1: Ball 3-1: Foul Ball, location: 2F 3-2: Base on Balls
|
|
Pitching: RHP Daniel Pierce
|
|
|
Batting: RHB Douglas Lulay
|
0-0: Ball 1-0: Called Strike 1-1: Foul Ball, location: 2F 1-2: Fly out, F8 (Flyball, 8RD, EV 104.4 MPH)
|
|
Batting: SHB Matt Gallegos
|
0-0: Ball 1-0: Ball 2-0: Called Strike 2-1: Foul Ball, location: 2F 2-2: Foul Ball, location: 2F 2-2: Foul Ball, location: 2F 2-2: Fielders Choice at 2nd, 6-4 (Groundball, 6MS, EV 91.3 MPH)
|
|
Batting: LHB Juan Bustabad
|
0-0: Ball 1-0: Called Strike 1-1: Swinging Strike 1-2: Foul Ball, location: 2F 1-2: Ball 2-2: Ball 3-2: SINGLE (Groundball, 15S, EV 73.1 MPH) (infield hit) Matt Gallegos to second
|
|
Batting: LHB John Csefalvay
|
0-0: Foul Ball, location: 2F 0-1: Swinging Strike 0-2: Ball 1-2: Ball 2-2: Ground out 4-3 (Groundball, 4, EV 85.0 MPH)
|
| Top of the 5th over - 0 runs, 1 hit, 0 errors, 2 left on base; Appleton 6 - Wausau 2 |
| BOTTOM OF THE 5TH |
|
Wausau Timbers batting - Pitching for Appleton Foxes : RHP Mike Trujillo
|
|
Batting: RHB John Pignotti
|
0-0: Swinging Strike 0-1: Ball 1-1: Ground out 5-3 (Groundball, 5S, EV 82.5 MPH)
|
|
Batting: RHB John Nicolo
|
0-0: Ball 1-0: Fly out, F7 (Line Drive, 7, EV 90.6 MPH)
|
|
Batting: LHB Rodney Nealeigh
|
0-0: Foul Ball, location: 2F 0-1: Ball 1-1: SINGLE (Groundball, 6MD, EV 96.9 MPH)
|
|
Batting: RHB Alan Griffin
|
0-0: Ball 1-0: Called Strike 1-1: Fly out, F7 (Flyball, 7LM, EV 86.3 MPH)
|
| Bottom of the 5th over - 0 runs, 1 hit, 0 errors, 1 left on base; Appleton 6 - Wausau 2 |
| TOP OF THE 6TH |
|
Appleton Foxes batting - Pitching for Wausau Timbers : RHP Daniel Pierce
|
|
Batting: RHB Philip Sutton
|
0-0: Called Strike 0-1: Ball 1-1: Foul Ball, location: 2F 1-2: SINGLE (Groundball, 4M, EV 85.0 MPH) (infield hit)
|
|
Batting: LHB Mike Woodard
|
0-0: Called Strike Philip Sutton is caught stealing 2nd base 2-6 0-1: Fly out, F8 (Flyball, 89D, EV 107.5 MPH)
|
|
Batting: RHB George Hinshaw
|
0-0: Ball 1-0: Ball 2-0: SINGLE (Groundball, 56D, EV 102.5 MPH)
|
|
Batting: RHB Chris Brown
|
0-0: Called Strike 0-1: Foul Ball, location: 2F 0-2: SINGLE (Line Drive, 7S, EV 93.8 MPH) George Hinshaw to second Runner from 2nd tries for 3rd, SAFE, throw by LF made to third
|
|
Batting: RHB Robert Gilles
|
0-0: Ball 1-0: Called Strike 1-1: Called Strike 1-2: Strikes out swinging
|
| Top of the 6th over - 0 runs, 3 hits, 0 errors, 2 left on base; Appleton 6 - Wausau 2 |
| BOTTOM OF THE 6TH |
|
Wausau Timbers batting - Pitching for Appleton Foxes : RHP Mike Trujillo
|
|
Batting: RHB Rich Renteria
|
0-0: Ball 1-0: Called Strike 1-1: Swinging Strike 1-2: Foul Ball, location: 2F 1-2: Fly out, F8 (Line Drive, 8RD, EV 91.3 MPH)
|
|
Batting: RHB Douglas Davis
|
0-0: Foul Ball, location: 2F 0-1: Swinging Strike 0-2: Strikes out swinging
|
|
Batting: SHB Herman Lewis
|
0-0: Called Strike 0-1: Ball 1-1: Swinging Strike 1-2: Strikes out swinging
|
| Bottom of the 6th over - 0 runs, 0 hits, 0 errors, 0 left on base; Appleton 6 - Wausau 2 |
| TOP OF THE 7TH |
|
Appleton Foxes batting - Pitching for Wausau Timbers : RHP Daniel Pierce
|
|
Batting: RHB Douglas Lulay
|
0-0: Called Strike 0-1: Fly out, F9 (Flyball, 9S, EV 85.0 MPH)
|
|
Batting: SHB Matt Gallegos
|
0-0: Ball 1-0: Ball 2-0: Foul Ball, location: 2F 2-1: Swinging Strike 2-2: Foul Ball, location: 2F 2-2: Ball 3-2: Base on Balls
|
|
Pitching: RHP Alan Holbrook
|
|
|
Batting: LHB Juan Bustabad
|
0-0: Called Strike 0-1: SINGLE (Groundball, 6MS, EV 68.8 MPH) (infield hit) Matt Gallegos to second
|
|
Batting: LHB John Csefalvay
|
0-0: Swinging Strike 0-1: Ball 1-1: Ball 2-1: Foul Ball, location: 2F 2-2: Ball 3-2: Strikes out swinging
|
|
Batting: RHB Philip Sutton
|
0-0: Ball 1-0: Foul Ball, location: 2F 1-1: Ball 2-1: Swinging Strike 2-2: Ball 3-2: Foul Ball, location: 2F 3-2: Foul Ball, location: 2F 3-2: Foul Ball, location: 2F 3-2: Base on Balls Matt Gallegos to third Juan Bustabad to second
|
|
Batting: LHB Mike Woodard
|
0-0: Fly out, F6 (Line Drive, 6, EV 71.9 MPH)
|
| Top of the 7th over - 0 runs, 1 hit, 0 errors, 3 left on base; Appleton 6 - Wausau 2 |
| BOTTOM OF THE 7TH |
|
Wausau Timbers batting - Pitching for Appleton Foxes : RHP Mike Trujillo
|
|
Batting: LHB Ricky Seilheimer
|
0-0: Ball 1-0: Ground out 5-3 (Groundball, 56, EV 110.0 MPH)
|
|
Batting: RHB Jeffrey Young
|
0-0: Ball 1-0: Called Strike 1-1: SINGLE (Groundball, 6MS, EV 68.8 MPH) (infield hit)
|
|
Batting: RHB John Pignotti
|
0-0: Ball Jeffrey Young steals 2nd base 1-0: Swinging Strike 1-1: Ball 2-1: Ball 3-1: Swinging Strike 3-2: Foul Ball, location: 2F 3-2: Ground out U3 (Groundball, 34, EV 108.8 MPH) Jeffrey Young to third
|
|
Batting: RHB John Nicolo
|
0-0: Swinging Strike 0-1: SINGLE (Groundball, 4M, EV 95.0 MPH) (infield hit) Jeffrey Young scores
|
|
Batting: LHB Rodney Nealeigh
|
0-0: Ball 1-0: Ball 2-0: Foul Ball, location: 2F 2-1: Foul Ball, location: 2F 2-2: Foul Ball, location: 2F 2-2: SINGLE (Groundball, 4MD, EV 96.3 MPH) John Nicolo to second John Nicolo to third
|
|
Batting: RHB Alan Griffin
|
0-0: Ball 1-0: Fly out, F9 (Flyball, 89M, EV 88.1 MPH)
|
| Bottom of the 7th over - 1 run, 3 hits, 0 errors, 2 left on base; Appleton 6 - Wausau 3 |
| TOP OF THE 8TH |
|
Appleton Foxes batting - Pitching for Wausau Timbers : RHP Alan Holbrook
|
|
Batting: RHB George Hinshaw
|
0-0: Called Strike 0-1: Called Strike 0-2: Foul Ball, location: 2F 0-2: Strikes out swinging
|
|
Batting: RHB Chris Brown
|
0-0: Foul Ball, location: 2F 0-1: SINGLE (Groundball, 6D, EV 96.9 MPH)
|
|
Batting: RHB Robert Gilles
|
0-0: Ball Chris Brown steals 2nd base (no throw) 1-0: Intentional Walk
|
|
Batting: RHB Douglas Lulay
|
0-0: Foul Ball, location: 2F 0-1: Fielders Choice at 2nd, 3-6 (Groundball, 34, EV 100.0 MPH) Chris Brown to third
|
|
Batting: SHB Matt Gallegos
|
0-0: Ball 1-0: Called Strike Pickoff Throw to First - Out! 1-3
|
| Top of the 8th over - 0 runs, 1 hit, 0 errors, 1 left on base; Appleton 6 - Wausau 3 |
| BOTTOM OF THE 8TH |
|
Wausau Timbers batting - Pitching for Appleton Foxes : RHP Mike Trujillo
|
|
Batting: RHB Rich Renteria
|
0-0: Foul Ball, location: 2F 0-1: Ball 1-1: Fly out, F9 (Flyball, 9LM, EV 92.5 MPH)
|
|
Batting: RHB Douglas Davis
|
0-0: Ball 1-0: Foul Ball, location: 2F 1-1: Ball 2-1: Ball 3-1: Base on Balls
|
|
Batting: SHB Herman Lewis
|
0-0: Ball 1-0: Foul Ball, location: 2F 1-1: Ball 2-1: Foul Ball, location: 2F 2-2: Foul Ball, location: 2F 2-2: SINGLE (Groundball, 6S, EV 69.4 MPH) (infield hit) Douglas Davis to second
|
|
Batting: LHB Ricky Seilheimer
|
0-0: Called Strike 0-1: Foul Ball, location: 2F 0-2: Ball 1-2: Ground out 5-3 (Groundball, 56S, EV 70.0 MPH) Douglas Davis to third Herman Lewis to second
|
|
Batting: RHB Jeffrey Young
|
0-0: Called Strike 0-1: Ball 1-1: Foul Ball, location: 2F 1-2: Ground out 4-3 (Groundball, 4, EV 85.6 MPH)
|
| Bottom of the 8th over - 0 runs, 1 hit, 0 errors, 2 left on base; Appleton 6 - Wausau 3 |
| TOP OF THE 9TH |
|
Appleton Foxes batting - Pitching for Wausau Timbers : RHP Alan Holbrook
|
|
Pitching: RHP Rafael Ramirez
|
|
|
Batting: SHB Matt Gallegos
|
0-0: Ball 1-0: Called Strike 1-1: Ball 2-1: Ball 3-1: Base on Balls
|
|
Batting: LHB Juan Bustabad
|
0-0: Bunted foul 0-1: Ball 1-1: Bunt missed! 1-2: Foul Ball, location: 2F 1-2: Ball 2-2: Ball 3-2: Fly out, F8 (Flyball, 8LM, EV 90.6 MPH)
|
|
Batting: LHB John Csefalvay
|
0-0: Ball 1-0: Foul Ball, location: 2F 1-1: Ball 2-1: Fielders Choice at 2nd, 4-6 (Groundball, 4, EV 76.9 MPH)
|
|
Batting: RHB Philip Sutton
|
0-0: Called Strike 0-1: Ball 1-1: Ground out 4-3 (Groundball, 4, EV 92.5 MPH)
|
| Top of the 9th over - 0 runs, 0 hits, 0 errors, 1 left on base; Appleton 6 - Wausau 3 |
| BOTTOM OF THE 9TH |
|
Wausau Timbers batting - Pitching for Appleton Foxes : RHP Mike Trujillo
|
|
Pitching: RHP Jaime Cocanower
|
|
|
Batting: RHB John Pignotti
|
0-0: Called Strike 0-1: Ground out 5-3 (Groundball, 56, EV 106.9 MPH)
|
|
Batting: RHB John Nicolo
|
0-0: Foul Ball, location: 2F 0-1: Ball 1-1: Fly out, F7 (Flyball, 7, EV 82.5 MPH)
|
|
Batting: LHB Rodney Nealeigh
|
0-0: Called Strike 0-1: Fly out, F5 (Popup, 25F, EV 86.9 MPH)
|
| Bottom of the 9th over - 0 runs, 0 hits, 0 errors, 0 left on base; Appleton 6 - Wausau 3 |
|